 Dungeon Crawl Stone Soup version 0.22.0-38-g04b72b8 (webtiles) character file.

45 Lew the Covered (level 3, -2/23 HPs)
             Began as a Gargoyle Fighter on Aug 30, 2018.
             Killed from afar by Natasha (7 damage)
             ... with a magic dart
             ... on level 2 of the Dungeon.
             The game lasted 00:02:41 (1032 turns).

Lew the Covered (Gargoyle Fighter)                  Turns: 1032, Time: 00:02:44

Health: -2/23      AC: 10    Str: 19    XL:     3   Next: 64%
Magic:  3/3        EV:  7    Int:  8    God:
Gold:   117        SH:  9    Dex: 10    Spells: 2/2 levels left

rFire    + . .     SeeInvis .   a - +0 war axe
rCold    x . .     Gourm    .   c - +0 shield
rNeg     + . .     Faith    .   b - +0 scale mail
rPois    ∞         Spirit   .   (no helmet)
rElec    +         Reflect  .   (no cloak)
rCorr    .         Harm     .   (no gloves)
MR       .....                  (no boots)
Stlth    ..........             (no amulet)
HPRegen  0.07/turn              i - ring of fire
MPRegen  0.08/turn              (no ring)

@: slowed, very slow
A: negative energy resistance 1, electricity resistance, unbreathing,
petrification resistance, rot immunity, AC +3
a: no special abilities


You were on level 2 of the Dungeon.
You were hungry.

You visited 1 branch of the dungeon, and saw 2 of its levels.

You collected 117 gold pieces.

Inventory:

Hand Weapons
 a - a +0 war axe (weapon)
Armour
 b - a +0 scale mail (worn)
 c - a +0 shield (worn)
Jewellery
 i - a ring of fire (left hand)
Scrolls
 e - 2 scrolls of identify {unknown}
 h - a scroll of enchant weapon {unknown}
 l - a scroll of immolation {unknown}
Potions
 d - a potion of might
 g - a potion of degeneration {unknown}
 j - a potion of agility {unknown}
 k - a potion of heal wounds {unknown}
 m - a potion of flight {unknown}
Comestibles
 f - 4 rations


   Skills:
 - Level 3.2 Fighting
 - Level 1.7 Axes
 + Level 4.2 Armour
 + Level 4.2 Shields


You had 2 spell levels left.
You didn't know any spells.
Your spell library was empty.

Dungeon Overview and Level Annotations

Branches:
Dungeon (2/15)

Altars:
Cheibriados
Xom

Annotations:
D:2 Natasha


Innate Abilities, Weirdness & Mutations

You are resistant to torment.
Your stone body is resilient. (AC +3)
You are immune to poison.
You resist negative energy. (rN+)
You are resistant to electric shocks. (rElec)
You can survive without breathing.
You are immune to petrification.
You are immune to rotting.


Message History

You are too injured to fight recklessly!
You are too injured to fight recklessly!
You are too injured to fight recklessly!
You are too injured to fight recklessly!
You are too injured to fight recklessly!
You are too injured to fight recklessly!
You are too injured to fight recklessly!
You are too injured to fight recklessly!
You are too injured to fight recklessly!
You slash Natasha!
Natasha is severely wounded.
Natasha splashes around in the water.
Natasha mumbles some strange words.
You closely miss Natasha.
Natasha is severely wounded.
Natasha claws you.
* * * LOW HITPOINT WARNING * * *
Natasha stares at you and mumbles some strange words.
The magic dart hits you!
You die...

#### ## .... .. .....
.... ##.### .... #..
##♣§.♣.## ##...##
#...##.≈_≈...####.._..#
###>..#≈#♣♣.^..##.......#
.....g.♣@.__.≈_.........#
#h5#^..♣..#.......# .
###..#._.##......))
...##≈♣...##.......#.
....###.###....#####(
...............######
....................#
########............#
########.#####......#


You could see Natasha and a white imp.

Vanquished Creatures
  An adder (D:2)
  A worm (D:2)
  A leopard gecko (D:2)
  A giant cockroach (D:2)
  6 goblins (D:1)
  4 hobgoblins (D:1)
  2 jackals (D:2)
  3 bats (D:1)
  4 frilled lizards
  5 kobolds
  5 rats (D:1)
33 creatures vanquished.

Notes
Turn   | Place    | Note
-------+----------+-------------------------------------------
     0 | D:1      | Lew the Gargoyle Fighter began the quest for the Orb.
     0 | D:1      | Reached XP level 1. HP: 14/14 MP: 1/1
   200 | D:1      | Reached XP level 2. HP: 16/19 MP: 2/2
   915 | D:2      | Reached XP level 3. HP: 23/23 MP: 3/3
   934 | D:2      | Found a snail-covered altar of Cheibriados.
  1018 | D:2      | Found a shimmering altar of Xom.
  1018 | D:2      | Found a shimmering altar of Xom.
  1020 | D:2      | Found a shimmering altar of Xom.
  1020 | D:2      | Found a shimmering altar of Xom.
  1020 | D:2      | Found a shimmering altar of Xom.
  1025 | D:2      | Noticed Natasha
  1032 | D:2      | Killed from afar by Natasha

Skill      XL: |  1  2  3 |
---------------+----------+-----
Armour         | 4 |  4.2
Shields        | 4 |  4.2
Fighting       | |  3.2
Axes           | |  1.7

Action                   || total
-------------------------++-------
Melee: War axe           ||    98
Armor: Scale mail        ||    60
Dodge: Dodged            ||    31
Block: Shield            ||    65
